 Dungeon Crawl Stone Soup version 0.28.0-53-g5a82cb258f (webtiles) character file.

Game seed: 17767074798835516385

79 quokkamancerX the Chopper (level 4, -3/39 HPs)
             Began as a Hill Orc Fighter on June 26, 2022.
             Slain by Terence
             ... wielding a +0 flail
              (9 damage)
             ... on level 2 of the Dungeon.
             The game lasted 00:04:12 (1703 turns).

quokkamancerX the Chopper (Hill Orc Fighter)        Turns: 1703, Time: 00:04:13

Health: -3/39      AC:  9    Str: 20    XL:     4   Next: 37%
Magic:  4/4        EV:  7    Int:  8    God:
Gold:   86         SH:  4    Dex: 10    Spells: 3/3 levels left

rFire   . . .      SeeInvis .   a - +0 war axe
rCold   . . .      Faith    .   c - +0 buckler
rNeg    . . .      Spirit   .   k - +0 chain mail
rPois   .          Reflect  .   (no helmet)
rElec   .          Harm     .   (no cloak)
rCorr   .          Rampage  .   (no gloves)
Will    .....                   (no boots)
Stlth   ..........              (no amulet)
HPRegen 0.13/turn               (no ring)
MPRegen 0.09/turn               (no ring)

@: no status effects
A: no striking features
a: no special abilities


You were on level 2 of the Dungeon.
You visited 1 branch of the dungeon, and saw 2 of its levels.

You collected 86 gold pieces.

Inventory:

Hand Weapons
 a - a +0 war axe (weapon)
Armour
 c - a +0 buckler (worn)
 k - a +0 chain mail (worn)
Jewellery
 h - a ring of protection from cold
Scrolls
 g - a scroll of identify {unknown}
 i - 2 scrolls of immolation {unknown}
Potions
 d - a potion of might
 f - a potion of flight {unknown}
 j - a potion of lignification {unknown}


   Skills:
 - Level 3.6 Fighting
 + Level 6.0 Axes
 - Level 3.2 Armour
 - Level 3.2 Shields


You had 3 spell levels left.
You didn't know any spells.
Your spell library was empty.

Dungeon Overview and Level Annotations

Branches:
Dungeon (2/15)

Altars:
The Shining One

Shops:
D:1 (

Annotations:
D:2 Terence


Message History

Press: ? - help, Q - select action Shift-Dir - straight line, f - Terence
Aim: Terence, wielding a +0 flail and wearing a +0 chain mail (64% to hit)
You throw a throwing net. The throwing net barely misses Terence.
Throw: throwing net
Press: ? - help, Q - select action Shift-Dir - straight line, f/p - Terence
Aim: Terence, wielding a +0 flail and wearing a +0 chain mail (64% to hit)
You throw a throwing net.
The throwing net completely misses Terence.
Terence hits you with a +0 flail.
You closely miss Terence. Terence hits you with a +0 flail!
Terence hits you with a +0 flail.
You barely miss Terence. Terence hits you with a +0 flail.
You slash Terence!
Terence is heavily wounded.
Terence hits you with a +0 flail.
You closely miss Terence.
Terence is heavily wounded.
Terence hits you with a +0 flail. x2
You hit Terence but do no damage.
Terence is heavily wounded.
Terence barely misses you.
You hit Terence but do no damage.
Terence is heavily wounded.
Terence screams, "I want your blood!" Terence closely misses you.
You hit Terence.
Terence is severely wounded.
Terence hits you with a +0 flail!
* * * LOW HITPOINT WARNING * * *
You hit Terence.
Terence is almost dead.
Terence closely misses you. You block Terence's attack.
You closely miss Terence.
Terence is almost dead.
Terence hits you with a +0 flail.
* * * LOW HITPOINT WARNING * * *
You barely miss Terence.
Terence is almost dead.
Terence hits you with a +0 flail!
You die...

##### ########## ##...##
.........# ###########.###.#
.@.......#######...........#
#.#
#..##(.)@@.#########.###.#
#..##.###### ##...##
#..##.#### ### ##.##
#...@....######.######.#
#.#..†.........#.......#
#.#.#......####.######.#
#.##.#.#..###.###### #.#
..........# #...# #.#
#.###.....###.#.## ##.#


You could see Terence.

Vanquished Creatures
  A worm (D:2)
  3 dart slugs (D:1)
  4 endoplasms
  2 giant cockroaches
  14 goblins
  11 hobgoblins
  6 jackals (D:1)
  5 ball pythons
  6 bats
  3 frilled lizards
  3 kobolds
  2 rats
60 creatures vanquished.

Notes
Turn   | Place    | Note
-------+----------+-------------------------------------------
     0 | D:1      | quokkamancerX the Hill Orc Fighter began the quest for the
                  | Orb.
     0 | D:1      | Reached XP level 1. HP: 19/19 MP: 1/1
    51 | D:1      | Reached skill level 3 in Axes
    66 | D:1      | Reached XP level 2. HP: 26/26 MP: 2/2
   111 | D:1      | Reached skill level 4 in Axes
   327 | D:1      | Reached XP level 3. HP: 28/31 MP: 3/3
   353 | D:1      | Found Uteafrih's Antique Weapon Boutique.
   542 | D:1      | Reached skill level 5 in Axes
  1030 | D:2      | Reached XP level 4. HP: 21/39 MP: 4/4
  1198 | D:2      | Found a glowing golden altar of the Shining One.
  1562 | D:2      | Reached skill level 6 in Axes
  1677 | D:2      | Noticed Terence
  1703 | D:2      | Slain by Terence

Illustrated notes

Levels and vault maps discovered:
D:1:      saegor_arrival_under_anarchy, layout_basic, serial_shops, shop_statue
D:2:      cheibrodos_greedy_goblins, layout_loops_ring, basic_altar,
          uniq_terence

Skill      XL: |  1  2  3  4 |
---------------+-------------+-----
Axes           | 3 4 5 6 |  6.0
Fighting       | |  3.6
Armour         | |  3.2
Shields        | |  3.2

Action                   |  1- 3 |  4- 6 || total
-------------------------+-------+-------++-------
Melee: War axe           |   114 |    57 ||   171
Throw: Throwing net      |       |     2 ||     2
Armor: Scale mail        |    60 |    13 ||    73
       Chain mail        |       |     3 ||     3
Dodge: Dodged            |    62 |    34 ||    96
Block: Buckler           |    24 |    14 ||    38
